[Event "*** Titled Tuesday Blitz"]
[Site "Chess.com"]
[Date "2020.04.07"]
[Round "3"]
[White "AlexOstrovskiy"]
[Black "Grandmasta23"]
[Result "1-0"]
[WhiteElo "2608"]
[BlackElo "2377"]
[TimeControl "180+1"]
[EndTime "13:27:40 PDT"]
[Termination "AlexOstrovskiy won by resignation"]

1. d4 Nf6 2. Bg5 c5 3. d5 Ne4 4.
h4 h6 5. Bf4 d6 6. Nd2 Nf6 7. e4 e5 8. Be3 Na6 9. Bb5+ Bd7 10.
Bxd7+ Qxd7 11. f3 Be7 12. Ne2 b5 13. a4 b4 14. Nc4 Nc7 15. O-O O-O 16. Ng3 Kh7 17. b3 Ng8 18. Nf5 g6 19. Nxe7 Qxe7 20. Qe1 f5 21. Bxc5 Nxd5 22. Bxd6 Qd8 23. exd5 Rf6 24. Bxe5 1-0

[Event "*** Titled Tuesday Blitz"]
[Site "Chess.com"]
[Date "2020.04.07"]
[Round "3"]
[White "Vadim_Biliy"]
[Black "csati17"]
[Result "0-1"]
[WhiteElo "2251"]
[BlackElo "2480"]
[TimeControl "180+1"]
[EndTime "13:27:41 PDT"]
[Termination "csati17 won by resignation"]

1. d4 Nf6 2. Nf3 e6 3. e3 d5 4.
Bd3 c6 5. O-O Nbd7 6. b3 Bd6 7.
Bb2 O-O 8. Nbd2 Qe7 9. Ne5 Bc7 10. Qf3 Nxe5 11. dxe5 Nd7 12. Qh3 g6 13. f4 f6 14.
exf6 Nxf6 15. Qh6 Ng4 16. Qh3 e5 17. Qg3 Nxe3 18. fxe5 Nxf1 19. Rxf1 Bb6+ 20. Kh1 Rxf1+ 21. Nxf1 Qc5 0-1

[Event "*** Titled Tuesday Blitz"]
[Site "Chess.com"]
[Date "2020.04.07"]
[Round "3"]
[White "PotapovaM"]
[Black "AsaHoffmann"]
[Result "0-1"]
[WhiteElo "2524"]
[BlackElo "2276"]
[TimeControl "180+1"]
[EndTime "13:27:43 PDT"]
[Termination "AsaHoffmann won by resignation"]

1. d4 Nf6 2. c4 c5 3. d5 e5 4. Nc3 d6 5. e4 Be7 6. Bd3 Nbd7 7. h4 h6 8. Nge2 a6 9. f3 Nh5 10. g3 g6 11. Be3 Rb8 12. Qd2 Bf8 13. g4 Nf4 14.
Nxf4 exf4 15. Bxf4 Qb6 16. O-O Bg7 17. Rae1 Ne5 18.
Be2 Qd8 19. Bg3 Bf6 20. h5 gxh5 21. gxh5 Rg8 22. Kh2 Qd7 23. Qf4 Qh3+ 24. Kg1 Rxg3+ 25. Kf2 Qg2+ 26. Ke3 Bg5 0-1

[Event "*** Titled Tuesday Blitz"]
[Site "Chess.com"]
[Date "2020.04.07"]
[Round "3"]
[White "northridgehawk"]
[Black "DraskovicL"]
[Result "0-1"]
[WhiteElo "2293"]
[BlackElo "2562"]
[TimeControl "180+1"]
[EndTime "13:27:44 PDT"]
[Termination "DraskovicL won by checkmate"]

1. e4 d5 2. exd5 Qxd5 3. Nf3 Nc6 4. Be2 Bg4 5. h3 Bh5 6. O-O O-O-O 7. c3 e5 8. Qa4 e4 9. Bc4 Qa5 10. Qd1 exf3 11. Re1 Qg5 12. g3 Bd6 13. Kh2 Bxg3+ 14. Kh1 Bf4 15. Rg1 Qh4 16. Bf1 Nf6 17. d4 Bxc1 18.
Qxc1 Ne4 19. Nd2 Nxf2+ 20. Kh2 Qf4+ 21. Rg3 Ne5 22. Qe1 Neg4+ 23. hxg4 Nxg4+ 24. Kh3 Rhe8 25.
Qc1 Nf2+ 26. Kh2 Qh4+ 27. Bh3+ Nxh3 28. Rxh3 Qf2+ 29. Kh1 Qg2# 0-1

[Event "*** Titled Tuesday Blitz"]
[Site "Chess.com"]
[Date "2020.04.07"]
[Round "3"]
[White "GameOverBro"]
[Black "lachesisQ"]
[Result "0-1"]
[WhiteElo "2498"]
[BlackElo "3139"]
[TimeControl "180+1"]
[EndTime "13:27:45 PDT"]
[Termination "lachesisQ won by resignation"]

1. e4 e6 2. d4 d5 3. Nd2 c5 4. exd5 Qxd5 5. Ngf3 cxd4 6. Bc4 Qd7 7. Nb3 Nc6 8. Nbxd4 Nxd4 9. Nxd4 a6 10. Be3 Nf6 11. Qe2 Qc7 12. O-O-O Be7 13. f4 b5 14. Bb3 O-O 15.
Nf3 Bb7 16. Ne5 Nd5 17. Kb1 Rfd8 18. Rhg1 Nxe3 19. Qxe3 Bc5 20. Qe2 Bxg1 21. Rxg1 Bd5 22. g4 Bxb3 23. axb3 Rd5 24. g5 Rad8 25. Qh5 a5 26. Rg3 Rd1+ 27. Ka2 Qxc2 0-1

[Event "*** Titled Tuesday Blitz"]
[Site "Chess.com"]
[Date "2020.04.07"]
[Round "3"]
[White "Coiote53"]
[Black "Walter_White_Poland"]
[Result "1-0"]
[WhiteElo "2354"]
[BlackElo "2108"]
[TimeControl "180+1"]
[EndTime "13:27:46 PDT"]
[Termination "Coiote53 won by resignation"]

1. e4 e5 2. Nf3 Nc6 3. Bb5 a6 4. Ba4 Nf6 5. d4 exd4 6. O-O Be7 7. e5 Ne4 8. Nxd4 Nc5 9. Nf5 Bf8 10. Re1 Nxa4 11. Qg4 Nc5 12. Nxg7+ Bxg7 13. Qxg7 Rf8 14. Bh6 Ne6 15. Qxh7 d5 16. exd6 Qxd6 17. Nc3 Bd7 18.
Rad1 Qc5 19. Ne4 Qe5 20. Bxf8 Kxf8 21. Rxd7 Rd8 22. Rxd8+ Ncxd8 23. Qh6+ Kg8 24. Nf6+ 1-0

[Event "*** Titled Tuesday Blitz"]
[Site "Chess.com"]
[Date "2020.04.07"]
[Round "3"]
[White "Yaacovn"]
[Black "Gogolev_Artemy"]
[Result "1-0"]
[WhiteElo "2744"]
[BlackElo "2461"]
[TimeControl "180+1"]
[EndTime "13:27:48 PDT"]
[Termination "Yaacovn won by resignation"]

1. d4 Nf6 2. Nf3 g6 3. e3 Bg7 4. Be2 O-O 5. O-O b6 6. b3 Bb7 7.
Bb2 e6 8. c4 c5 9. dxc5 bxc5 10.
Nc3 Qb6 11. Na4 Qc7 12. Be5 Qa5 13. Qd2 Qxd2 14. Nxd2 Na6 15. Rfd1 Rfd8 16. Bf3 Bxf3 17. Nxf3 d5 18. Rac1 Rac8 19. Kf1 Ne4 20. Bxg7 Kxg7 21.
Ke1 Kf6 22. Nd2 Ke5 23. Nxe4 Kxe4 24. Nc3+ Ke5 25. f4+ Kf5 26. cxd5 exd5 27. Nxd5 Ke4 28. Rc4+ Kf5 29. Ne7+ Ke6 30. Nxc8 Rxc8 31. Rdc1 Kd5 32. Ke2 Re8 33. e4+ Rxe4+ 34. Rxe4 Kxe4 35. Rc4+ Kd5 36. Ra4 Nb4 37. Rxa7 f5 38. a3 Nc2 39. Kd3 Nd4 40. Rd7+ 1-0

[Event "*** Titled Tuesday Blitz"]
[Site "Chess.com"]
[Date "2020.04.07"]
[Round "3"]
[White "DeGrootteZ"]
[Black "JakeCarlosBanawa"]
[Result "1-0"]
[WhiteElo "2694"]
[BlackElo "2418"]
[TimeControl "180+1"]
[EndTime "13:27:51 PDT"]
[Termination "DeGrootteZ won by resignation"]

1. e4 c5 2. Nf3 d6 3. d4 cxd4 4. Nxd4 Nf6 5. Nc3 a6 6. Bg5 e6 7. f4 h6 8. Bh4 Qb6 9. Qd3 Qxb2 10. Rb1 Qa3 11. e5 dxe5 12. fxe5 Nd5 13. Nxd5 Qxd3 14.
Bxd3 exd5 15. e6 Bxe6 16. Nxe6 fxe6 17. Rxb7 g5 18. Bg3 Nd7 19. Bg6+ Kd8 20. Rf1 Nc5 21. Rbf7 Be7 22. Rxe7 Kxe7 23. Rf7+ Kd8 24. Bc7+ Kc8 25. Be5 Rg8 26. Bh7 Nd7 27. Bxg8 Nxe5 28. Rh7 Nd7 29. Bxe6 Ra7 30. Rh8+ Kc7 31. Bxd7 1-0

[Event "*** Titled Tuesday Blitz"]
[Site "Chess.com"]
[Date "2020.04.07"]
[Round "3"]
[White "Andro2"]
[Black "pirulillo"]
[Result "1-0"]
[WhiteElo "2421"]
[BlackElo "2163"]
[TimeControl "180+1"]
[EndTime "13:27:53 PDT"]
[Termination "Andro2 won by resignation"]

1. e4 c5 2. Nf3 e6 3. d4 cxd4 4.
Nxd4 Nf6 5. Nc3 Nc6 6. Ndb5 d6 7.
Bf4 e5 8. Bg5 a6 9. Na3 b5 10.
Bxf6 gxf6 11. Nd5 Bg7 12. Bd3 Ne7 13. Nxe7 Qxe7 14. c4 f5 15. O-O O-O 16. Qh5 d5 17. cxd5 fxe4 18. Bxe4 f5 19. d6 Qa7 20. Bd5+ Kh8 21. Bxa8 Qxa8 22. Rad1 Bd7 23. Nc2 f4 24. f3 Rf5 25. Qh4 Bf6 26. Qf2 Rg5 27. Kh1 Bd8 28. Nb4 a5 29. Nd5 Bc6 30. Ne7 Bb7 31. Rfe1 Qa6 32. Qc5 Bb6 33. d7 Qa8 34. Qxb6 Bxf3 35. d8=Q+ 1-0

[Event "*** Titled Tuesday Blitz"]
[Site "Chess.com"]
[Date "2020.04.07"]
[Round "3"]
[White "arctic_t00"]
[Black "SamuelGhimpu2003"]
[Result "0-1"]
[WhiteElo "2380"]
[BlackElo "2686"]
[TimeControl "180+1"]
[EndTime "13:27:54 PDT"]
[Termination "SamuelGhimpu2003 won by resignation"]

1. Nf3 Nf6 2. c4 g6 3. Nc3 Bg7 4. e4 c5 5. d4 cxd4 6. Nxd4 d6 7. Be2 Nc6 8. Be3 O-O 9. O-O Bd7 10. Qd2 Nxd4 11. Bxd4 Bc6 12. f3 a5 13. b3 Nd7 14. Be3 Nc5 15. Rac1 Qb6 16. Rfd1 Rfe8 17. Nd5 Bxd5 18. cxd5 Rec8 19. Rc2 Bh6 20. Bxh6 Nxb3+ 21.
Qe3 Qxe3+ 22. Bxe3 Rxc2 23. Kf1 Rxa2 0-1

[Event "*** Titled Tuesday Blitz"]
[Site "Chess.com"]
[Date "2020.04.07"]
[Round "3"]
[White "anesar92"]
[Black "CalinGheorghiu"]
[Result "1-0"]
[WhiteElo "2731"]
[BlackElo "2449"]
[TimeControl "180+1"]
[EndTime "13:27:54 PDT"]
[Termination "anesar92 won by resignation"]

1. e4 c5 2. Nf3 d6 3. Nc3 Nf6 4. e5 dxe5 5. Nxe5 Nbd7 6. d4 Nxe5 7. dxe5 Qxd1+ 8. Kxd1 Ng4 9. Bb5+ Bd7 10. e6 fxe6 11. Ke2 O-O-O 12. Bxd7+ Rxd7 13. Ne4 b6 14. f3 Ne5 15.
Ng5 g6 16. Nxe6 Nf7 17. Bf4 Nd8 18. Ng5 Bg7 19. c3 e5 20. Be3 h6 21. Ne4 Ne6 22. Rad1 Rhd8 23. Rxd7 Rxd7 24. g3 g5 25. h4 gxh4 26.
Rxh4 Rd8 27. Bxh6 Bxh6 28. Rxh6 Nc7 29. Rh7 a5 30. a4 Nd5 31. Rh6 Kc7 32. Nf6 Ne7 33.
Rh7 Kd6 34. Ne4+ Ke6 35. Rh6+ 1-0

[Event "*** Titled Tuesday Blitz"]
[Site "Chess.com"]
[Date "2020.04.07"]
[Round "3"]
[White "Ovsiannikov_Maxim"]
[Black "FLamps8"]
[Result "0-1"]
[WhiteElo "2217"]
[BlackElo "2530"]
[TimeControl "180+1"]
[EndTime "13:27:54 PDT"]
[Termination "FLamps8 won by resignation"]

1. d4 d5 2. Nf3 Nf6 3. Bg5 Ne4 4. Bf4 c5 5. dxc5 Nc6 6. Nbd2 Nxc5 7. e3 Bg4 8. h3 Bh5 9. Bb5 a6 10. Be2 e6 11. O-O Bd6 12. Bxd6 Qxd6 13. Nd4 Bxe2 14. Qxe2 Nxd4 15. exd4 Na4 16. Rab1 O-O 17. c3 b5 18. Nf3 b4 19. Rfc1 bxc3 20. bxc3 Rfc8 21. Rb3 Rab8 22.
Qd3 h6 23. Ne5 Rxb3 24. axb3 Qa3 25. Rc2 Qxb3 26. Qf3 Qxc2 27. Qxf7+ Kh7 28. Ng4 Qb1+ 29. Kh2 Qf5 30. Qd7 Nb6 31. Qb7 h5 32. Ne5 Qf4+ 33. Kg1 Rxc3 34. g3 Rc1+ 35. Kg2 Qe4+ 36. Nf3 Rc3 37.
Qf7 Qxf3+ 0-1

[Event "*** Titled Tuesday Blitz"]
[Site "Chess.com"]
[Date "2020.04.07"]
[Round "3"]
[White "Euwe1234"]
[Black "Chigorinetz"]
[Result "0-1"]
[WhiteElo "2116"]
[BlackElo "2511"]
[TimeControl "180+1"]
[EndTime "13:27:54 PDT"]
[Termination "Chigorinetz won by resignation"]

1. e4 c5 2. Nf3 Nc6 3. Bb5 g5 4. Nxg5 Nf6 5. d3 Rg8 6. Bxc6 dxc6 7. e5 Qd5 8. exf6 Qxg2 9. Qf3 Rxg5 10. Qxg2 Rxg2 11.
fxe7 Bxe7 12. Be3 Bg4 13. Nd2 O-O-O 14. f3 Bh4+ 15. Kd1 Re8 16. Bf4 Bh5 17. Rf1 Ree2 18. c3 Bg6 19. Kc2 c4 20. Rad1 Bxd3+ 21. Kc1 b5 22. b3 b4 23. Kb2 Bf6 0-1

[Event "*** Titled Tuesday Blitz"]
[Site "Chess.com"]
[Date "2020.04.07"]
[Round "3"]
[White "vova-79"]
[Black "SmirnovAlexandrA"]
[Result "1-0"]
[WhiteElo "2431"]
[BlackElo "2181"]
[TimeControl "180+1"]
[EndTime "13:27:56 PDT"]
[Termination "vova-79 won by resignation"]

1. d4 Nf6 2. c4 g6 3. Nc3 Bg7 4. Nf3 O-O 5. g3 d6 6. Bg2 Nbd7 7. O-O e5 8. e4 c6 9. h3 Qc7 10. Be3 a6 11. Rc1 Re8 12. Re1 Nf8 13. Kh2 c5 14.
dxc5 dxc5 15. Nd5 Nxd5 16. cxd5 b6 17. b4 Nd7 18. bxc5 Nxc5 19. Nd2 Bf8 20. Nb3 Rd8 21. Nxc5 bxc5 22. Qc2 Rb8 23. Bxc5 Bxc5 24. Qxc5 Qxc5 25. Rxc5 Rb2 26. Rec1 Bd7 27. R1c2 Rdb8 28. Bf1 a5 29. Kg2 a4 30. Rc7 Rxc2 31. Rxc2 Kf8 32. h4 Ke7 33. Kf3 Kd6 34. Ke3 h5 35. Kd2 Rb1 36. Bd3 f6 37. Rc6+ Bxc6 38. Bxb1 Bd7 39. a3 Kc5 40. Kc3 Bb5 41. Bd3 Bd7 42. Ba6 Be8 43. Bc8 Bf7 44. Bd7 1-0

[Event "*** Titled Tuesday Blitz"]
[Site "Chess.com"]
[Date "2020.04.07"]
[Round "3"]
[White "ahkashefi2800"]
[Black "Schandenfreude"]
[Result "1-0"]
[WhiteElo "2212"]
[BlackElo "2509"]
[TimeControl "180+1"]
[EndTime "13:27:57 PDT"]
[Termination "ahkashefi2800 won by resignation"]

1. d4 Nf6 2. Nf3 e6 3. Bf4 b6 4.
e3 Bb7 5. Nbd2 Be7 6. Bd3 O-O 7. O-O c5 8. c3 cxd4 9. exd4 d6 10. Re1 Nbd7 11. Qe2 Re8 12. Rad1 Qc7 13. Bb1 a6 14. Ng5 Bf8 15. Qd3 g6 16. Qh3 e5 17. dxe5 dxe5 18. Bg3 h6 19. Nge4 Nxe4 20. Nxe4 Bxe4 21. Rxd7 Qc5 22.
Bxe4 Rad8 23. Red1 Rxd7 24. Qxd7 Re7 25. Qd5 Qc7 26.
Bxg6 Re6 27. Bc2 Rd6 28. Qxe5 Rxd1+ 29. Bxd1 Qd7 30. Qe2 Qd5 1-0

[Event "*** Titled Tuesday Blitz"]
[Site "Chess.com"]
[Date "2020.04.07"]
[Round "3"]
[White "IljaJoke"]
[Black "EnergeticHay"]
[Result "0-1"]
[WhiteElo "2503"]
[BlackElo "2196"]
[TimeControl "180+1"]
[EndTime "13:27:59 PDT"]
[Termination "EnergeticHay won by resignation"]

1. d4 Nf6 2. c4 g6 3. Nc3 Bg7 4. e4 d6 5. Be2 O-O 6. Be3 e5 7. d5 a5 8. g4 Na6 9. h4 Ne8 10. h5 f5 11. hxg6 hxg6 12. gxf5 gxf5 13. exf5 Bxf5 14. Bg4 Qd7 15. Bxf5 Qxf5 16. Rh5 Qg6 17. Rg5 Qh7 18. Nge2 Nb4 19. Ng3 Nc2+ 20. Kd2 Nxa1 21. Nce4 Nf6 22. Nxf6+ Rxf6 23. Qxa1 Raf8 24. Qg1 Kf7 25. c5 Bh6 26. Qh1 Rxf2+ 27. Bxf2 Bxg5+ 28. Kc3 Qxh1 29. Nxh1 Ke7 30. cxd6+ Kxd6 31. Bb6 cxb6 0-1

[Event "*** Titled Tuesday Blitz"]
[Site "Chess.com"]
[Date "2020.04.07"]
[Round "3"]
[White "Gajuchess"]
[Black "Qvalda"]
[Result "1-0"]
[WhiteElo "2687"]
[BlackElo "2421"]
[TimeControl "180+1"]
[EndTime "13:28:00 PDT"]
[Termination "Gajuchess won on time"]

1. Nf3 g6 2. d4 Bg7 3. g3 Nf6 4. Bg2 O-O 5. O-O d6 6. c4 Nc6 7. Nc3 a6 8. Bf4 Rb8 9. Rc1 Bd7 10. Qd2 b5 11. cxb5 axb5 12. d5 Na5 13. b3 Nb7 14.
Bh6 Nc5 15. Bxg7 Kxg7 16. Qd4 b4 17. Nb1 Bf5 18. Nbd2 Qd7 19. Rfe1 Bh3 20. Bh1 Kg8 21. Ne5 dxe5 22. Qxc5 Rb5 23. Qxc7 Qxc7 24. Rxc7 Nxd5 25. Bxd5 Rxd5 26. Nc4 Ra8 27. Nb6 Raa5 28. Nxd5 Rxd5 29. Rc4 Rd2 30. Rxb4 Rxa2 31. g4 h5 32. f3 hxg4 33.
fxg4 f5 34. gxf5 Bxf5 35. Kf2 e4 36. Ke3 Kf7 37. Rb6 Rb2 38. Rf1 1-0

[Event "*** Titled Tuesday Blitz"]
[Site "Chess.com"]
[Date "2020.04.07"]
[Round "3"]
[White "nabukatnezarr"]
[Black "Chessdemon2019"]
[Result "1-0"]
[WhiteElo "2543"]
[BlackElo "2267"]
[TimeControl "180+1"]
[EndTime "13:28:00 PDT"]
[Termination "nabukatnezarr won by checkmate"]

1. d4 Nf6 2. Bf4 b6 3. e3 Bb7 4.
Nf3 g6 5. Bd3 Bg7 6. Nbd2 d6 7. e4 O-O 8. O-O Nbd7 9. Bg3 Re8 10. e5 dxe5 11. dxe5 Nh5 12. Re1 Nxg3 13. hxg3 e6 14.
Qe2 Nc5 15. Bb5 c6 16. Bc4 b5 17. Qe3 Qb6 18. Bf1 Na4 19. Qb3 Rad8 20. Nc4 bxc4 21. Qxa4 c5 22. Bxc4 Bxf3 23. gxf3 Qxb2 24. Rad1 Bxe5 25.
Rb1 Qc3 26. Re3 Qd4 27. Rd3 Rb8 28. Rxd4 Bxd4 29. Rxb8 Rxb8 30. Bb3 e5 31. Qxa7 Rc8 32.
Qxf7+ Kh8 33. Qf6# 1-0

[Event "*** Titled Tuesday Blitz"]
[Site "Chess.com"]
[Date "2020.04.07"]
[Round "3"]
[White "jeaston1"]
[Black "mersad_98"]
[Result "0-1"]
[WhiteElo "2439"]
[BlackElo "2709"]
[TimeControl "180+1"]
[EndTime "13:28:05 PDT"]
[Termination "mersad_98 won by resignation"]

1. d4 d5 2. c4 dxc4 3. e4 Nf6 4. Nc3 e5 5. Nf3 exd4 6. Qxd4 Qxd4 7. Nxd4 Bc5 8. Be3 Ng4 9. Bxc4 Nxe3 10. fxe3 c6 11. O-O Rf8 12. Rae1 Nd7 13. Nf5 g6 14. Nd4 Ne5 15. Be2 a5 16. Rd1 a4 17. a3 Bg4 18.
Bxg4 Nxg4 19. Rfe1 Ke7 20. h3 Ne5 0-1

[Event "*** Titled Tuesday Blitz"]
[Site "Chess.com"]
[Date "2020.04.07"]
[Round "3"]
[White "2L8IWUN"]
[Black "FelixBlohberger"]
[Result "1/2-1/2"]
[WhiteElo "2363"]
[BlackElo "2597"]
[TimeControl "180+1"]
[EndTime "13:28:05 PDT"]
[Termination "Game drawn by repetition"]

1. d4 e6 2. Nf3 Nf6 3. Bf4 d5 4.
e3 c5 5. Nbd2 Bd6 6. Bg3 Nc6 7. c3 Qc7 8. dxc5 Bxg3 9. hxg3 a5 10. a3 a4 11. Nd4 Qa5 12. b4 axb3 13.
N2xb3 Qxc3+ 14. Qd2 Qxd2+ 15. Kxd2 Ne4+ 16. Ke1 e5 17. Nb5 O-O 18. Nc7 Ra7 19. Nxd5 Be6 20.
Bc4 Ra4 21. Bb5 Ra7 22. Bc4 Ra4 23. Bb5 Ra7 24. Bc4 1/2-1/2

[Event "*** Titled Tuesday Blitz"]
[Site "Chess.com"]
[Date "2020.04.07"]
[Round "3"]
[White "JacekDubiel"]
[Black "freshfoodcompany"]
[Result "0-1"]
[WhiteElo "2416"]
[BlackElo "2268"]
[TimeControl "180+1"]
[EndTime "13:28:06 PDT"]
[Termination "freshfoodcompany won by checkmate"]

1. e4 c5 2. Nf3 Nc6 3. Nc3 e5 4. Bc4 d6 5. d3 Be7 6. Nd2 Bg5 7. Nf1 Bxc1 8. Rxc1 Nge7 9. Ne3 Be6 10. O-O O-O 11. Qh5 Ng6 12. g3 Nd4 13. f4 Bxc4 14. dxc4 exf4 15.
gxf4 Ne7 16. Ncd5 Nxd5 17. cxd5 Qe7 18. c3 Qxe4 19. Rce1 Nc2 20. Nxc2 Qxc2 21. Rf2 Qg6+ 22. Qxg6 fxg6 23. Re7 Rf7 24. Rfe2 Raf8 25. Kg2 h6 26.
Kg3 Kh7 27. R2e6 Rxf4 28. Rxd6 Rf3+ 29. Kg2 Rf2+ 30. Kg3 R8f3+ 31. Kg4 h5+ 32. Kg5 Rg2+ 33. Kh4 g5+ 34. Kxh5 Rh3# 0-1

[Event "*** Titled Tuesday Blitz"]
[Site "Chess.com"]
[Date "2020.04.07"]
[Round "3"]
[White "AnnaChessLook"]
[Black "LlambiPasku"]
[Result "1-0"]
[WhiteElo "2229"]
[BlackElo "2390"]
[TimeControl "180+1"]
[EndTime "13:28:08 PDT"]
[Termination "AnnaChessLook won by checkmate"]

1. e4 e5 2. Nf3 Nc6 3. d4 a6 4. d5 Nd4 5. Nxd4 exd4 6. Qxd4 d6 7. Be2 Nf6 8. O-O g6 9. Bg5 Bg7 10. e5 dxe5 11. Qxe5+ Kf8 12. Nc3 h6 13. Bh4 g5 14.
Bg3 Ne8 15. Qe3 Nd6 16. Rad1 h5 17. h3 Nf5 18. Qc5+ Nd6 19. Ne4 b6 20. Qa3 Kg8 21. Nxd6 cxd6 22. Bxd6 g4 23. Be7 Qd7 24. h4 Be5 25. d6 Bb7 26. Qe3 Rh7 27. Bd3 Rg7 28. Qxe5 g3 29. f3 Rc8 30. Rfe1 Rc5 31. Qe3 a5 32. Bf6 Rg6 33. Qe8+ Qxe8 34. Rxe8+ Kh7 35. Rh8# 1-0

[Event "*** Titled Tuesday Blitz"]
[Site "Chess.com"]
[Date "2020.04.07"]
[Round "3"]
[White "LittlePeasant"]
[Black "Orest_Vovk"]
[Result "1-0"]
[WhiteElo "2787"]
[BlackElo "2470"]
[TimeControl "180+1"]
[EndTime "13:28:10 PDT"]
[Termination "LittlePeasant won by checkmate"]

1. d4 h6 2. c4 g5 3. Nc3 Bg7 4. h4 c5 5. dxc5 Bxc3+ 6. bxc3 Qa5 7. hxg5 hxg5 8. Rxh8 Qxc3+ 9. Qd2 Qxh8 10. Bb2 Qh5 11.
O-O-O Na6 12. Qe3 b6 13. Qe4 Rb8 14. c6 Nc5 15. Qe5 d6 16. Rxd6 Qh1 17. Rd8+ Kxd8 18. c7+ Kd7 19. cxb8=Q f6 20. Qbc7+ Ke8 21. Qxc8+ Kf7 22.
Qd5+ e6 23. Qdd8 Qxg1 24. Qxg8+ Ke7 25. Qcd8# 1-0

[Event "*** Titled Tuesday Blitz"]
[Site "Chess.com"]
[Date "2020.04.07"]
[Round "3"]
[White "ruslansezdbekov"]
[Black "GMG"]
[Result "1-0"]
[WhiteElo "2574"]
[BlackElo "2780"]
[TimeControl "180+1"]
[EndTime "13:28:12 PDT"]
[Termination "ruslansezdbekov won by resignation"]

1. e4 c6 2. Nf3 d5 3. e5 Bg4 4. d4 e6 5. c3 Nd7 6. Nbd2 f6 7. h3 Bh5 8. exf6 Qxf6 9. Be2 Bd6 10. O-O Ne7 11. Nh2 Bg6 12. Ng4 Qf7 13. Nf3 h6 14. Be3 Bf5 15. Nge5 Bxe5 16. Nxe5 Nxe5 17. dxe5 g5 18. Qb3 O-O 19. f4 gxf4 20. Rxf4 Ng6 21. Rf2 Qg7 22. Raf1 Be4 23. Bg4 Rae8 24. Rxf8+ Nxf8 25. Rf6 Nd7 26. Bxh6 Qh7 27. Bxe6+ Rxe6 28. Rxe6 Qf5 29.
Re7 Qg6 30. Rg7+ 1-0

[Event "*** Titled Tuesday Blitz"]
[Site "Chess.com"]
[Date "2020.04.07"]
[Round "3"]
[White "Orange_Ghost"]
[Black "Kingsman132"]
[Result "1/2-1/2"]
[WhiteElo "2746"]
[BlackElo "2398"]
[TimeControl "180+1"]
[EndTime "13:28:12 PDT"]
[Termination "Game drawn by agreement"]

1. d4 Nf6 2. c4 e6 3. Nc3 a5 4.
e4 d5 5. cxd5 exd5 6. e5 Ne4 7.
Bd3 Bb4 8. Ne2 c5 9. O-O cxd4 10.
Nxe4 dxe4 11. Bxe4 Nc6 12. Bf4 Qb6 13. Rc1 O-O 14. Qd3 g6 15. Qg3 Be6 16. b3 a4 17.
Bg5 axb3 18. axb3 Ra5 19. Bf6 Re8 20. Rfd1 Bd5 21. Bxd5 Rxd5 22. Nf4 Rc5 23. Nd3 Rxc1 24. Rxc1 Bf8 25. Nf4 Qb4 26. h4 Qd2 27. Rf1 Qc3 28. Qg4 Nxe5 1/2-1/2

[Event "*** Titled Tuesday Blitz"]
[Site "Chess.com"]
[Date "2020.04.07"]
[Round "3"]
[White "JustWatch000"]
[Black "Alexander_Moskalenko"]
[Result "1-0"]
[WhiteElo "2593"]
[BlackElo "2940"]
[TimeControl "180+1"]
[EndTime "13:28:12 PDT"]
[Termination "JustWatch000 won by checkmate"]

1. e4 c6 2. d4 d5 3. exd5 cxd5 4. c4 Nf6 5. Nc3 e6 6. Nf3 Be7 7. cxd5 Nxd5 8. Bd3 Nc6 9. O-O b6 10. Bb5 Bd7 11.
Nxd5 exd5 12. Qb3 a6 13. Bxc6 Bxc6 14. Re1 O-O 15. Be3 f6 16. Rac1 Bb7 17. Rc2 Bd6 18.
Rec1 Re8 19. a4 Re7 20. Bd2 a5 21. Re1 Rd7 22. Qe3 Re7 23. Qb3 Rxe1+ 24. Nxe1 Bf8 25.
Nd3 Ba6 26. Nf4 Bc4 27. Qh3 g5 28. Qe6+ Kg7 29. Nh5+ Kg6 30. Bxg5 Kxg5 31. Rc3 Bd6 32. f4+ Kxh5 33. Rg3 Be2 34. Qh3# 1-0

[Event "*** Titled Tuesday Blitz"]
[Site "Chess.com"]
[Date "2020.04.07"]
[Round "3"]
[White "willc-h99"]
[Black "axvesik"]
[Result "1-0"]
[WhiteElo "2244"]
[BlackElo "2388"]
[TimeControl "180+1"]
[EndTime "13:28:12 PDT"]
[Termination "willc-h99 won by resignation"]

1. c4 c5 2. g3 Nc6 3. Bg2 g6 4. Nc3 Bg7 5. Nf3 e5 6. O-O Nge7 7. a3 O-O 8. Rb1 d5 9. cxd5 Nxd5 10. Nxd5 Qxd5 11. d3 Qd6 12. Bd2 Bd7 13. b4 cxb4 14. axb4 Rac8 15. b5 Ne7 16. Bb4 Qf6 17. Qb3 Rfe8 18.
Nd2 Rc7 19. Ne4 Qe6 20. Qa3 Nd5 21. Nc5 Qd6 22. Na6 Nxb4 23. Nxc7 Qxc7 24. Qxb4 Bf8 25. Qb3 Bc5 26. e3 Be6 27. Bd5 Bxd5 28. Qxd5 Rd8 29. Qc4 Qb6 30. Rbc1 Ba3 31. Rc3 Bd6 32. Rd1 h5 33. d4 Re8 34. dxe5 Bxe5 35. Rcd3 h4 36. Qxh4 1-0

[Event "*** Titled Tuesday Blitz"]
[Site "Chess.com"]
[Date "2020.04.07"]
[Round "3"]
[White "superstructure"]
[Black "Colombiano07"]
[Result "0-1"]
[WhiteElo "2427"]
[BlackElo "2250"]
[TimeControl "180+1"]
[EndTime "13:28:13 PDT"]
[Termination "Colombiano07 won by resignation"]

1. e4 c5 2. c3 g6 3. d4 Bg7 4.
Nf3 cxd4 5. cxd4 d5 6. e5 Nh6 7.
Bb5+ Nc6 8. h3 O-O 9. O-O Bf5 10.
Nbd2 Qb6 11. Qa4 Rac8 12. Nb3 Be4 13. Ng5 Bc2 14. Be3 Nf5 15. Rac1 Bxb3 16. axb3 Nxe3 17. fxe3 Nxe5 18. Rxc8 Rxc8 19. Nxh7 Kxh7 20. dxe5 Qxe3+ 21. Kh1 Rc1 22. Qh4+ Kg8 23. Qxe7 Rxf1+ 24. Bxf1 Bxe5 25. Qd8+ Kg7 26. Qxd5 Qf4 27. Kg1 Bd4+ 28. Kh1 Qxf1+ 0-1

[Event "*** Titled Tuesday Blitz"]
[Site "Chess.com"]
[Date "2020.04.07"]
[Round "3"]
[White "GGX0X0"]
[Black "vaps"]
[Result "1-0"]
[WhiteElo "2331"]
[BlackElo "1981"]
[TimeControl "180+1"]
[EndTime "13:28:15 PDT"]
[Termination "GGX0X0 won by resignation"]

1. d4 Nf6 2. c4 e6 3. Nf3 b6 4. e3 Bb4+ 5. Bd2 a5 6. Bd3 Bb7 7. O-O Ne4 8. a3 Bxd2 9. Nbxd2 f5 10. Qc2 Ng5 11. e4 O-O 12. Nxg5 Qxg5 13. d5 Na6 14.
Nf3 Qg4 15. Ne5 Qh4 16. Nxd7 Rfd8 17. Ne5 Nc5 18. exf5 exd5 19. cxd5 Bxd5 20. Bc4 Qg5 21. Bxd5+ Rxd5 22. Qc4 Rd8 23. Rad1 b5 24. Qa2 1-0

[Event "*** Titled Tuesday Blitz"]
[Site "Chess.com"]
[Date "2020.04.07"]
[Round "3"]
[White "cukin84"]
[Black "KarstenHansch"]
[Result "1/2-1/2"]
[WhiteElo "2114"]
[BlackElo "2390"]
[TimeControl "180+1"]
[EndTime "13:28:17 PDT"]
[Termination "Game drawn by agreement"]

1. e4 c6 2. d4 d5 3. exd5 cxd5 4.
Bd3 Nc6 5. c3 Qc7 6. h3 e5 7. dxe5 Nxe5 8. Bc2 Bd6 9. Nf3 Nf6 10.
Nxe5 Bxe5 11. Qe2 O-O 12. O-O Re8 13. Qd3 b6 14. Bg5 g6 15. Nd2 Bf5 16. Qf3 Bxc2 17. Bxf6 Be4 18. Nxe4 dxe4 19. Bxe5 Qxe5 20. Qe3 f5 21.
Rad1 f4 22. Qd4 e3 23. fxe3 fxe3 24. Qc4+ Kh8 25. Rf7 e2 26. Re1 Rac8 27. Qh4 h5 28. Qf6+ Qxf6 29. Rxf6 Rcd8 30. Kf2 Kg7 31. Rc6 Rd2 32.
Rc7+ Kh6 33. Rxa7 Rxb2 34. a4 Rf8+ 35. Kg1 Re8 36. Kf2 Rf8+ 37. Kg1 Rc2 38. Re7 Rxc3 39.
R7xe2 Rf6 40. Rb2 Ra3 41. Reb1 Rxa4 42. Rxb6 Rxb6 1/2-1/2

[Event "*** Titled Tuesday Blitz"]
[Site "Chess.com"]
[Date "2020.04.07"]
[Round "3"]
[White "karinachess1"]
[Black "aquiles88"]
[Result "1-0"]
[WhiteElo "2530"]
[BlackElo "2217"]
[TimeControl "180+1"]
[EndTime "13:28:19 PDT"]
[Termination "karinachess1 won by resignation"]

1. Nf3 g6 2. d4 Bg7 3. g3 Nf6 4. Bg2 O-O 5. O-O d6 6. b3 Nbd7 7. Bb2 c6 8. c4 Qc7 9. Nc3 Re8 10.
e4 e5 11. Re1 a5 12. Qc2 exd4 13. Nxd4 Nc5 14. Rad1 a4 15. b4 Ne6 16. Nxa4 Nxd4 17. Bxd4 Be6 18. Bb6 Qe7 19. e5 dxe5 20. Bc5 Qc7 21.
Bd6 Qd8 22. Bxe5 Qe7 23. Bd6 Qd8 24. Bc5 Qc7 25. Bb6 Qe7 26. Nc5 Qf8 27. Nxe6 fxe6 28.
Bh3 Qxb4 29. Bd4 Qa4 30. Qb2 Nh5 31. Bxg7 Nxg7 32. Rd7 Nh5 33. Bxe6+ 1-0